Map: Orbital Shipyard

Players

승진별 - Winner!

  • Race: Terran Terran

A.I. 1 (Elite)

  • Race: Zerg Zerg

VOD

Have the link to the VOD?

Description

Time

  • Played on: Nov. 19, 2015, 12:11 a.m.
  • Length: 13:44
Show
View Real Time Build Order
Export as new Build Order

승진별 Terran - Winner!

Build Orders:  

Get SALT Encoding   

  12  0:00  SCV  
  13  0:12  SCV  
  14  0:21  Supply Depot  
  14  0:25  SCV  
  15  0:43  SCV  
  15  0:44  Barracks  
  16  0:55  SCV  
  17  1:02  Refinery  
  17  1:03  Supply Depot  
  17  1:07  SCV  
  18  1:19  SCV  
  19  1:32  Orbital Command  
  19  1:34  Marine  
  20  1:51  Refinery  
  20  1:52  Marine  
  21  1:58  SCV  
  22  2:10  Marine  
  22  2:11  SCV  
  22  2:14  Command Center  
  24  2:25  Factory  
  24  2:28  Marine  
  25  2:38  SCV  
  26  2:46  Marine  
  27  2:52  SCV  
  29  3:10  Factory Tech Lab  
  29  3:12  Barracks Reactor  
  28  3:16  Starport  
  28  3:25  Orbital Command  
  29  3:27  SCV  
  29  3:32  Supply Depot  
  29  3:33  Supply Depot  
  29  3:36  Siege Tank  
  29  3:39  SCV  
  33  3:50  Marine  
  33  3:51  SCV  
  33  3:55  Starport Reactor  
  35  3:58  SCV  
  35  4:00  Refinery  
  36  4:03  SCV, Refinery  
  36  4:07  Marine  
  36  4:08  Siege Tank, Marine  
  42  4:17  Liberator  
  42  4:30  SCV x2  
  44  4:32  Marine  
  44  4:33  Marine  
  49  4:39  Supply Depot  
  49  4:40  Siege Tank  
  49  4:41  Supply Depot  
  49  4:42  SCV x2  
  49  4:43  Supply Depot  
  54  4:52  Marine x2  
  56  4:57  SCV x2  
  58  5:00  Liberator  
  58  5:10  Marine x2  
  58  5:12  Siege Tank  
  66  5:27  SCV x2, Marine x2  
  66  5:28  Liberator  
  70  5:36  Barracks  
  70  5:38  Barracks  
  70  5:39  SCV  
  70  5:40  SCV  
  72  5:44  Siege Tank  
  72  5:48  Liberator  
  72  5:49  Supply Depot  
  78  5:51  Supply Depot  
  78  6:06  Engineering Bay  
  78  6:08  Engineering Bay  
  81  6:14  Marine x2  
  83  6:19  SCV x2  
  83  6:24  Barracks Reactor, Barracks Tech Lab  
  85  6:27  Siege Tank  
  85  6:31  SCV  
  89  6:33  Terran Infantry Weapons Level 1  
  89  6:34  Terran Infantry Armor Level 1, Liberator  
  89  6:42  Liberator  
  89  6:43  Supply Depot  
  89  6:44  Combat Shields  
  89  6:45  Supply Depot  
  89  6:48  Marine  
  96  7:01  Marine  
  96  7:02  Marine  
  96  7:03  Marine  
  96  7:04  Marine  
  96  7:06  Marine  
  101  7:13  SCV  
  102  7:19  Marine  
  102  7:20  Marine  
  102  7:21  Marine  
  102  7:22  Command Center, Marine  
  106  7:33  Liberator  
  106  7:35  Supply Depot  
  106  7:37  Liberator  
  106  7:38  Armory  
  106  7:39  Supply Depot, Marine x2  
  106  7:40  Marine  
  106  7:41  Marine  
  106  7:43  Marine  
  117  7:59  Marine  
  118  8:05  Marine  
  118  8:06  Marine x3  
  122  8:15  Stimpack  
  122  8:17  Marine  
  123  8:23  Marine  
  123  8:24  Marine x3  
  127  8:31  Starport  
  127  8:32  Barracks  
  127  8:34  Barracks  
  127  8:35  Marine, Orbital Command  
  127  8:40  Medivac x2  
  132  8:42  Marine  
  132  8:44  Marine x3  
  136  8:50  Terran Infantry Weapons Level 2  
  136  8:53  Marine  
  137  8:58  Terran Infantry Armor Level 2  
  137  9:17  Refinery  
  137  9:19  Marine  
  137  9:20  Marine x2  
  137  9:21  Marine x2  
  137  9:22  Barracks Tech Lab, Refinery  
  137  9:23  Barracks Reactor  
  142  9:24  Medivac x2  
  142  9:25  Starport Reactor  
  130  9:39  Orbital Command  
  110  9:48  Marine  
  110  9:49  Liberator, Marine x3  
  110  9:51  Concussive Shells  
  110  9:52  Liberator  
  110  9:58  SCV x2  
  112  10:05  Medivac x2  
  119  10:08  Marine  
  119  10:09  Marine  
  119  10:10  SCV x2  
  119  10:14  Marine x2  
  125  10:15  Marine x2  
  121  10:30  Marine x2  
  121  10:31  Marine  
  121  10:32  Marine x3  
  121  10:33  Marine x2  
  128  10:37  Medivac x2  
  131  10:48  Marine  
  131  10:49  Marine x2  
  134  10:50  Liberator, Marine x2  
  134  10:51  Liberator  
  136  10:59  SCV x3  
  136  11:00  Refinery  
  136  11:01  Marine  
  136  11:02  Marine x2  
  128  11:21  Marine x6  
  128  11:22  Marine x2  
  119  11:33  Medivac x2  
  119  11:38  Marine  
  119  11:39  Marine x3  
  127  11:50  SCV x2  
  129  11:54  Marine  
  129  11:55  Marine x3  
  129  11:56  Marine x2  
  129  11:58  Marine x2  
  136  12:06  Supply Depot x2  
  136  12:08  Medivac x3  
  133  12:12  Marine  
  136  12:21  Marauder x2  
  138  12:28  Marine x5  
  138  12:30  Marine  
  139  12:42  Marauder x2  
  143  12:45  Marine  
  143  12:46  Marine x3  
  146  13:05  Marine x5  
  146  13:06  Marine x3  
  154  13:23  Marine x3  
  154  13:26  SCV  
  158  13:29  Supply Depot, SCV  
  158  13:32  Supply Depot  
Show
View Real Time Build Order
Export as new Build Order

A.I. 1 (Elite) Zerg 

Build Orders: Hatch First 

Get SALT Encoding   

  12  0:00  Drone  
  13  0:12  Overlord  
  13  0:17  Drone  
  14  0:30  Drone x2  
  14  0:34  Drone  
  17  0:52  Hatchery  
  17  0:56  Drone  
  17  1:12  Spawning Pool  
  17  1:14  Extractor  
  17  1:15  Drone  
  16  1:18  Drone  
  16  1:22  Drone  
  18  1:27  Drone  
  19  1:38  Overlord  
  19  1:49  Drone  
  20  1:59  Zergling x2  
  20  2:01  Queen  
  21  2:04  Drone  
  24  2:11  Queen  
  26  2:16  Drone  
  27  2:28  Roach Warren  
  26  2:31  Drone, Extractor  
  26  2:35  Drone  
  27  2:40  Overlord  
  27  2:45  Drone  
  27  2:48  Drone  
  27  2:50  Drone  
  30  2:54  Drone  
  32  2:58  Drone  
  32  3:02  Zergling x2  
  32  3:04  Zergling x2  
  34  3:09  Roach  
  38  3:13  Roach  
  38  3:17  Roach  
  42  3:20  Roach  
  42  3:23  Drone  
  42  3:25  Drone  
  44  3:30  Overlord  
  44  3:37  Lair  
  44  3:41  Metabolic Boost  
  44  3:46  Overlord  
  44  3:49  Drone  
  44  3:51  Drone  
  44  3:54  Drone  
  47  3:56  Zergling x2  
  47  3:58  Zergling x2  
  47  4:00  Zergling x2  
  50  4:06  Evolution Chamber  
  50  4:07  Drone  
  50  4:13  Evolution Chamber, Drone  
  50  4:15  Drone  
  51  4:17  Drone  
  51  4:19  Drone  
  51  4:22  Drone  
  54  4:33  Zerg Missile Weapons Level 1  
  54  4:38  Drone, Hydralisk Den, Zerg Ground Armor Level 1  
  54  4:42  Overlord  
  54  4:45  Roach  
  56  4:47  Roach  
  58  5:02  Overlord, Roach, Drone x2  
  58  5:03  Extractor  
  58  5:04  Drone  
  58  5:05  Drone  
  63  5:07  Drone, Hydralisk  
  63  5:10  Hydralisk  
  68  5:20  Drone, Hydralisk  
  68  5:21  Overlord  
  70  5:22  Extractor  
  70  5:26  Drone, Hydralisk  
  70  5:28  Drone  
  73  5:30  Drone  
  73  5:31  Drone  
  75  5:39  Drone, Roach  
  75  5:41  Overlord  
  78  5:44  Drone  
  78  5:46  Drone  
  78  5:47  Drone x2  
  82  5:53  Drone  
  83  5:58  Hydralisk  
  83  5:59  Overlord, Drone x2  
  83  6:03  Hydralisk  
  89  6:11  Ravager, Zergling x2  
  91  6:13  Evolution Chamber  
  91  6:14  Drone  
  91  6:17  Overlord, Ravager  
  91  6:18  Roach  
  94  6:20  Roach  
  94  6:23  Overseer  
  96  6:28  Zerg Melee Weapons Level 1  
  96  6:29  Hatchery  
  96  6:31  Roach  
  97  6:41  Spire  
  97  6:43  Overlord  
  97  6:44  Drone  
  97  7:01  Zerg Missile Weapons Level 2  
  97  7:08  Spine Crawler  
  97  7:09  Drone  
  97  7:12  Spine Crawler  
  97  7:13  Drone  
  97  7:23  Zerg Ground Armor Level 2  
  97  7:32  Glial Reconstitution  
  97  7:37  Queen  
  97  7:42  Drone x3  
  97  7:43  Drone x4, Overlord  
  107  7:44  Drone x3  
  107  7:45  Drone x6  
  107  7:48  Extractor  
  115  7:51  Drone  
  115  7:52  Spore Crawler  
  115  7:53  Mutalisk x2  
  115  7:54  Drone x2  
  115  7:57  Drone  
  121  8:01  Overlord  
  121  8:03  Mutalisk x2, Drone  
  126  8:11  Drone  
  127  8:14  Hatchery, Mutalisk  
  127  8:16  Drone  
  129  8:20  Overlord, Mutalisk  
  131  8:31  Spore Crawler, Drone  
  131  8:33  Drone, Zergling x6, Extractor  
  135  8:34  Zergling x2  
  135  8:38  Overlord  
  135  8:51  Drone, Spine Crawler  
  135  8:54  Drone  
  135  8:55  Drone, Zerg Melee Weapons Level 2  
  137  8:56  Overlord  
  137  9:02  Mutalisk  
  139  9:08  Mutalisk  
  141  9:12  Queen  
  141  9:14  Mutalisk  
  141  9:15  Overlord  
  145  9:22  Spine Crawler  
  144  9:25  Spore Crawler  
  144  9:26  Drone x2  
  144  9:27  Drone x2  
  144  9:29  Zergling x2  
  147  9:34  Corruptor x3  
  147  9:35  Overlord, Corruptor x2  
  149  9:39  Mutalisk  
  149  9:44  Zergling x2  
  149  9:45  Mutalisk, Zergling x4  
  147  9:47  Zergling x2  
  147  9:48  Roach  
  147  9:49  Roach  
  147  9:50  Zergling x2  
  147  9:51  Roach  
  125  9:54  Hatchery, Hydralisk, Roach, Extractor  
  125  9:55  Drone  
  125  9:56  Baneling Nest  
  125  9:58  Drone, Hydralisk  
  123  10:01  Drone, Hydralisk  
  123  10:04  Hydralisk  
  128  10:09  Roach, Zergling x2  
  128  10:11  Roach  
  128  10:13  Overseer, Roach  
  135  10:14  Roach  
  135  10:16  Zergling x2  
  135  10:17  Hydralisk  
  135  10:20  Hydralisk  
  141  10:25  Zergling x8  
  141  10:26  Ravager, Roach, Zergling x2  
  138  10:30  Zergling x2  
  138  10:31  Ravager, Zergling x4  
  138  10:33  Roach  
  138  10:34  Roach  
  141  10:38  Roach  
  141  10:40  Baneling x2, Zergling x2  
  142  10:44  Zergling x2, Roach, Baneling x2  
  142  10:49  Spine Crawler  
  140  10:50  Mutalisk, Drone  
  140  10:51  Spine Crawler  
  140  10:53  Drone  
  143  10:57  Zergling x2, Baneling x2  
  143  10:58  Zergling x2, Baneling  
  143  11:00  Drone  
  143  11:01  Drone  
  143  11:02  Drone  
  143  11:03  Drone  
  131  11:05  Drone  
  131  11:07  Drone  
  131  11:08  Drone  
  131  11:09  Drone, Hydralisk  
  114  11:25  Hatchery  
  86  11:32  Zergling x2  
  68  11:34  Zergling x2  
  68  11:37  Roach  
  56  11:40  Roach  
  56  11:42  Roach  
  56  11:45  Roach  
  58  11:48  Hydralisk  
  58  11:50  Zergling x2  
  58  11:52  Hydralisk  
  61  11:54  Zergling x2  
  61  11:57  Hydralisk  
  61  12:00  Roach  
  62  12:05  Hydralisk, Roach  
  62  12:06  Roach  
  58  12:21  Zergling x2  
  28  12:52  Overlord  
  28  12:58  Hatchery  
  8  13:32  Spawning Pool  
Tags
 
Add a new tag
Caveats
  • Supply blocks, unpowered buildings, or Contaminate may cause inaccurate times.
  • Supply counts are checked every 10 seconds.